 Dungeon Sprint DCSS version 0.31-a0-889-g1a8549509d (webtiles) character file.

Game seed: 3522965921568102291

6143 BadtimePacifist the Fighter (level 13, -5/11 HPs) *EXPLORE*
             Began as a Demonspawn Reaver on Oct 13, 2023.
             Was an Initiate of Yredelemnul.
             Slain by a four-headed hydra simulacrum (10 damage)
             ... in the Dungeon (Sprint VI: "Thunderdome") on Oct 16, 2023.
             The game lasted 00:23:19 (2278 turns).

BadtimePacifist the Fighter (Demonspawn Reaver)     Turns: 2278, Time: 00:23:20

Health: -5/11      AC: 12    Str: 17    XL:     13   Next: 85%
Magic:  25/25      EV: 12    Int: 14    God:    Yredelemnul [......]
Gold:   167        SH:  0    Dex: 13    Spells: 28/29 levels left

rFire   . . .        n - +0 glaive
rCold   + . .        (shield currently unavailable)
rNeg    + + +        o - +0 chain mail
rPois   ∞            (helmet restricted)
rElec   .            (no cloak)
rCorr   .            (no gloves)
SInv    .            (no boots)
Will    +....        (no amulet)
Stlth   +            (no ring)
HPRegen 0.21/turn    (no ring)
MPRegen 0.19/turn

%: no teleportation
@: death-form
A: vile attack, torment immunity, no potions, reduced hp, antennae 1, hooves 2,
demonic guardian 2, spiny 1, demonic touch 1
}: 2/15 runes: decaying, gossamer
a: Siphon Essence, Begin Untransformation, Renounce Religion, Recall Undead
Harvest


You were in the Dungeon.
You worshipped Yredelemnul.
Yredelemnul was aware of your devotion.
You were an undying horror.
You visited 1 branch You collected 3550 gold pieces.
You spent 3383 gold pieces at shops.

Inventory:

Hand Weapons
 a - a +0 falchion
 n - a +0 glaive (weapon)
 r - a +0 demon trident of venom
Armour
 b - a +0 leather armour
 o - a +0 chain mail (worn)
Talismans
 m - a talisman of death (active)
Wands
 j - a wand of acid (8)
 k - a wand of iceblast (5)
Scrolls
 h - 4 scrolls of blinking
 l - 3 scrolls of fog
Potions
 c - a potion of curing
 d - 4 potions of heal wounds
 e - 4 potions of haste
 f - 2 potions of magic
 g - a potion of berserk rage
 i - a potion of resistance
 p - a potion of experience
Miscellaneous
 q - a box of beasts


   Skills:
 * Level 13.3 Fighting
 * Level 7.5(9.6) Short Blades
 * Level 9.4(10.5) Long Blades
 * Level 2.7(3.8) Axes
 * Level 4.0(4.9) Polearms
 * Level 2.7(3.8) Staves
 + Level 11.1 Armour
 * Level 11.4 Dodging
 * Level 9.1 Stealth
 * Level 8.5 Unarmed Combat
 * Level 8.7 Spellcasting
 * Level 9.2 Conjurations
 * Level 9.6 Necromancy
 * Level 11.5 Invocations
 * Level 7.6 Evocations
 * Level 3.5 Shapeshifting


You had 28 spell levels left.
You knew the following spells:

 Your Spells              Type           Power      Damage    Failure   Level
a - Kiss of Death         Conj/Necr      100%       2d13      1%          1

Your spell library contained the following spells:

 Spells                   Type           Power      Damage    Failure   Level
 Momentum Strike          Conj/Tloc      38%        3d9       19%         2
 Dazzling Flash           Conj/Hex       38%        N/A       36%         3
 Hailstorm                Conj/Ice       19%        3d6       36%         3
 Agony                    Necr           33%        N/A       38%         5
 Iskenderun's Battlesphe  Conj           31%        2d8       45%         5
 Anguish                  Hex/Necr       9%         N/A       73%         4
 Blink                    Tloc           12%        N/A       77%         2
 Ensorcelled Hibernation  Hex/Ice        12%        N/A       77%         2
 Lesser Beckoning         Tloc           12%        N/A       77%         2
 Passwall                 Tmut/Erth      5%         N/A       77%         2
 Gell's Gravitas          Tloc           6%         N/A       94%         3
 Swiftness                Air            6%         N/A       94%         3
 Teleport Other           Tloc           6%         N/A       94%         3
 Cause Fear               Hex            3%         N/A       100%        4
 Leda's Liquefaction      Hex/Erth       3%         N/A       100%        4
 Passage of Golubria      Tloc           6%         N/A       100%        4
 Lee's Rapid Deconstruct  Erth           3%         3d5*      100%        5
 Silence                  Hex/Air        3%         N/A       100%        5
 Summon Forest            Summ/Tloc      3%         N/A       100%        5
 Summon Mana Viper        Hex/Summ       6%         N/A       100%        5
 Bombard                  Conj/Erth      9%         9d2       100%        6
 Summon Cactus Giant      Summ           3%         N/A       100%        6
 Enfeeble                 Hex            3%         N/A       100%        7
 Spellforged Servitor     Conj/Summ      9%         N/A       100%        7
 Lehudib's Crystal Spear  Conj/Erth      9%         10d4      100%        8


Dungeon Overview and Level Annotations

Branches:
Dungeon (1/1)

Altars:
Cheibriados
Dithmenos
Fedhas
Gozag
Kikubaaqudgha
Makhleb
Okawaru
Qazlal
Ru
Sif Muna
Trog
Uskayaw
Vehumet
Wu Jian
Xom
Yredelemnul
Lugonu

Shops:
D *[=??*?*:[((!!!!


Innate Abilities, Weirdness & Mutations

You are an undying horror.
Your melee and unarmed attacks drain, slow and weaken victims.
You are immune to unholy pain and torment.
You cannot drink.
Your maximum health is decreased, since you lack skill for your form.
You are immune to poison.
You have a pair of small antennae on your head.
You have hoof-like feet.
A demonic guardian rushes to your aid.
You are partially covered in sharp spines.
Your touch may inflict minor irresistible damage on your foes.


Message History

Okay, then.
Unknown command.
Okay, then.
Unknown command.
Okay, then.
Okay, then.
Unknown command.
Okay, then.
Unknown command.
Okay, then.
Okay, then.
Okay, then.
Okay, then.
Okay, then.
Okay, then.
Unknown command.
Things that are here:
a +0 chain mail; a +0 hand axe Unknown command.
You hit the four-headed hydra simulacrum but do no damage.
You kick the four-headed hydra simulacrum.
The four-headed hydra simulacrum is lightly damaged.
Your soul eater hits the four-headed hydra simulacrum!
The four-headed hydra simulacrum is struck by your spines.
The four-headed hydra simulacrum bites you!
Ouch! That really hurt!
Thought so.
The four-headed hydra simulacrum freezes you!
You resist.
Ouch! That really hurt!
Thought so.
The four-headed hydra simulacrum barely misses you.
The four-headed hydra simulacrum closely misses you.
The four-headed hydra simulacrum bites you.
Ouch! That really hurt!
The four-headed hydra simulacrum freezes you!
You resist.
Ouch! That really hurt!
You die...
You join the legions of the undead harvest.

#.....# ##.....## ##∩.....∩##
#∩.......∩# #_......._#
#_......._# #_......._#
###......3..### #⌠.)...°[zZ..§#
######.8.(......)8.######
##∩___...(.Z###......___∩##
##∩........8.# #.8[.......∩###
..........ZZ.###..[..........##
..........###...###.[........⌠#
........).# #.<.# #..........⌠#
..........###...###.)........⌠#
.............###.............##


You could see a four-headed hydra simulacrum (ally target), a spriggan
simulacrum and a friendly soul eater (summoned).

Vanquished Creatures
  Frances (D)
  A boulder beetle (D)
  A phantasmal warrior (D)
  2 rust devils (D)
  2 rime drakes (D)
  A kobold demonologist (D)
  A golden dragon simulacrum (D)
  2 polar bears (D)
  A tarantella (D)
  A dream sheep (D)
  A ynoxinul (D)
  3 fire bats (D)
  2 fire elementals (D)
  2 kobold brigands (D)
  A scorpion (D)
  A hound (D)
  A spriggan simulacrum (D)
  A worm (D)
  An endoplasm (D)
  3 giant cockroaches (D)
  3 kobolds (D)
32 creatures vanquished.

Vanquished Creatures (collateral kills)
  the Lernaean hydra (D)
  Rupert (D)
  A wolf spider (D)
  2 eidola (D)
  An iron elemental (D)
  4 boulder beetles (D)
  2 orc high priests (D)
  2 phantasmal warriors (D)
  2 orc sorcerers (D)
  2 rust devils (D)
  A smoke demon (D)
  2 cane toads (D)
  An orange demon (D)
  2 ice devils (D)
  A kobold demonologist (D)
  A red devil (D)
  2 hellwings (D)
  7 polar bears (D)
  3 wraiths (D)
  A chaos spawn (D)
  A fire elemental (D)
  A basilisk (D)
  3 orc warriors (D)
  An ogre (D)
  A wolf (D)
  2 bullfrogs (D)
  3 earth elementals (D)
  An orc priest (D)
  2 kobolds (D)
54 creatures vanquished.

Vanquished Creatures (others)
  A boulder beetle zombie (D)
  2 spectral rust devils (D)
  A fire bat zombie (D)
  A bullfrog zombie (D)
  A worm zombie (D)
  A giant cockroach zombie (D)
  A kobold zombie (D)
8 creatures vanquished.

Grand Total: 94 creatures vanquished

Notes
Turn   | Place    | Note
-------+----------+-------------------------------------------
     0 | D        | BadtimePacifist the Demonspawn Reaver began the quest for
                  | the Orb.
     0 | D        | Reached XP level 1. HP: 16/16 MP: 3/3
     0 | D        | Entered explore mode.
     1 | D        | Found an iron altar of Okawaru.
     1 | D        | Found a shimmering blue altar of Sif Muna.
     2 | D        | Found a shadowy altar of Dithmenos.
     3 | D        | Found a radiant altar of Vehumet.
     3 | D        | Found a sacrificial altar of Ru.
     5 | D        | Found an opulent altar of Gozag.
     5 | D        | Round 1.
     6 | D        | Found Buludoc's Distillery.
     6 | D        | Found a snail-covered altar of Cheibriados.
     6 | D        | Found Pisous's Do-It-Yourself Clinic.
     7 | D        | Found Peudoh's Distillery.
     7 | D        | Found Ruaxier's Bottled Wisdom.
     9 | D        | Found Iczokh's Staff Store.
    25 | D        | Found a blossoming altar of Fedhas.
    29 | D        | Found a basalt altar of Yredelemnul.
    34 | D        | Found Sentoim's Weapon Rack.
    36 | D        | Found a corrupted altar of Lugonu.
    36 | D        | Found a bloodstained altar of Trog.
    36 | D        | Found a hide-covered altar of Uskayaw.
    36 | D        | Found Zutyawko's Premium Goods.
    37 | D        | Found Ubrinkom's Basic Armour.
    37 | D        | Found Piplotsu's Miscellaneous Merchandise.
    45 | D        | Found an ancient bone altar of Kikubaaqudgha.
    56 | D        | Became a worshipper of Yredelemnul the Dark
    65 | D        | Found a stormy altar of Qazlal.
    65 | D        | Noticed a hound
    69 | D        | Found Fisaj's Identification Station.
    71 | D        | Found Vocug's Advanced Armour.
    71 | D        | Found Lechenae's Jewellery.
    72 | D        | Found a burning altar of Makhleb.
    72 | D        | Found Foshal's Timeless Talismans.
    78 | D        | Slain by a hound (5 damage)
    82 | D        | Killed a hound
    83 | D        | Reached skill level 1 in Armour
    83 | D        | Discovered your monstrous ancestry.
    83 | D        | Gained mutation: You have a pair of small antennae on your
                  | head. [demonic ancestry]
    83 | D        | Reached XP level 2. HP: 21/23 MP: 5/5
    83 | D        | Gained mutation: You have large cloven feet. [demonic
                  | ancestry]
    83 | D        | Reached XP level 3. HP: 25/28 MP: 6/6
    93 | D        | Found an ornate altar of the Wu Jian Council.
   102 | D        | Found a shimmering altar of Xom.
   103 | D        | Found Jazazosh's Magic Scroll Shop.
   106 | D        | Found Juci's Magic Scroll Shop.
   106 | D        | Found Fuch's Must-Have Magic.
   173 | D        | Noticed Terence
   195 | D        | Arena points: 4 (+4) [x1]
   216 | D        | Round 2.
   274 | D        | Noticed a scorpion
   290 | D        | Succumbed to a scorpion's poison
   291 | D        | Killed a scorpion
   292 | D        | Reached skill level 3 in Fighting
   292 | D        | Reached skill level 1 in Stealth
   292 | D        | Reached skill level 1 in Unarmed Combat
   292 | D        | Reached skill level 1 in Necromancy
   292 | D        | Reached XP level 4. HP: 32/35 MP: 6/8
   296 | D        | Arena points: 28 (+24) [x2]
   348 | D        | Round 3.
   391 | D        | Noticed a kobold brigand
   401 | D        | HP: 1/35 [kobold brigand/+0 short sword (5)]
   402 | D        | Succumbed to a kobold brigand's curare-tipped dart
   407 | D        | Slain by a kobold brigand
                  | ... wielding a +0 short sword
                  | (8 damage)
   414 | D        | Killed a kobold brigand
   414 | D        | Reached * piety under Yredelemnul
   415 | D        | Reached skill level 5 in Long Blades
   415 | D        | Gained mutation: Your touch may inflict minor irresistible
                  | damage on your foes. [demonic ancestry]
   415 | D        | Reached XP level 5. HP: 16/41 MP: 9/9
   461 | D        | HP: 2/41 [kobold brigand/+0 short sword (5)]
   463 | D        | Reached skill level 4 in Fighting
   463 | D        | Slain by a kobold
                  | ... wielding a +0 whip
                  | (5 damage)
   464 | D        | Arena points: 91 (+63) [x3]
   490 | D        | Round 4.
   505 | D        | Noticed a fire bat
   525 | D        | HP: 1/42 [fire bat (5)]
   528 | D        | Slain by a fire bat (2 damage)
   543 | D        | HP: 2/42 [fire bat (2)]
   543 | D        | Slain by a fire bat (5 damage)
   550 | D        | Slain by a fire bat (5 damage)
   556 | D        | Slain by a fire bat (9 damage)
   565 | D        | Noticed a fire bat
   567 | D        | Killed a fire bat
   568 | D        | Reached skill level 5 in Dodging
   568 | D        | Gained mutation: You are partially covered in sharp spines.
                  | [demonic ancestry]
   568 | D        | Reached XP level 6. HP: 18/50 MP: 10/12
   569 | D        | Noticed a fire elemental
   576 | D        | Slain by a fire elemental (13 damage)
   578 | D        | Killed a fire bat
   579 | D        | Reached skill level 5 in Fighting
   579 | D        | Reached skill level 5 in Armour
   579 | D        | Reached skill level 5 in Invocations
   579 | D        | Gained mutation: A weak demonic guardian rushes to your
                  | aid. [demonic ancestry]
   579 | D        | Reached XP level 7. HP: 56/56 MP: 11/13
   583 | D        | Mangled by a fire elemental (10 damage)
   586 | D        | Killed a fire elemental
   590 | D        | Noticed a fire elemental
   605 | D        | Killed a fire elemental
   606 | D        | Reached skill level 6 in Fighting
   606 | D        | Reached skill level 1 in Short Blades
   606 | D        | Reached skill level 1 in Evocations
   614 | D        | Noticed a fire bat
   615 | D        | Noticed a fire elemental
   621 | D        | Killed a fire bat
   624 | D        | Slain by a fire elemental (12 damage)
   627 | D        | Killed a fire elemental
   627 | D        | Arena points: 203 (+112) [x4]
   628 | D        | Reached skill level 5 in Spellcasting
   628 | D        | Reached skill level 5 in Conjurations
   628 | D        | Reached skill level 5 in Necromancy
   628 | D        | Gained mutation: You have hoof-like feet. [demonic
                  | ancestry]
   628 | D        | Reached XP level 8. HP: 56/65 MP: 15/15
   687 | D        | Round 5.
   691 | D        | Noticed the 27-headed Lernaean hydra
   699 | D        | Mangled by the 27-headed Lernaean hydra (15 damage)
   699 | D        | HP: 2/65 [the 27-headed Lernaean hydra (11)]
   699 | D        | Mangled by the 27-headed Lernaean hydra (11 damage)
   700 | D        | Mangled by the 27-headed Lernaean hydra (16 damage)
   700 | D        | Slain by the 27-headed Lernaean hydra (14 damage)
   701 | D        | Slain by the 27-headed Lernaean hydra (11 damage)
   701 | D        | Slain by the 27-headed Lernaean hydra (12 damage)
   702 | D        | Mangled by the 27-headed Lernaean hydra (11 damage)
   702 | D        | Slain by the 27-headed Lernaean hydra (10 damage)
   703 | D        | Demolished by the 26-headed Lernaean hydra (17 damage)
   703 | D        | Mangled by the 26-headed Lernaean hydra (9 damage)
   703 | D        | Mangled by the 26-headed Lernaean hydra (12 damage)
   704 | D        | Mangled by the 26-headed Lernaean hydra (13 damage)
   704 | D        | Mangled by the 26-headed Lernaean hydra (17 damage)
   705 | D        | Slain by the 27-headed Lernaean hydra (11 damage)
   705 | D        | HP: 3/65 [the 27-headed Lernaean hydra (5)]
   705 | D        | Slain by the 27-headed Lernaean hydra (3 damage)
   706 | D        | Slain by the 27-headed Lernaean hydra (14 damage)
   706 | D        | Mangled by the 27-headed Lernaean hydra (9 damage)
   708 | D        | Slain by the 27-headed Lernaean hydra (11 damage)
   708 | D        | Slain by the 27-headed Lernaean hydra (8 damage)
   710 | D        | HP: 2/65 [the 26-headed Lernaean hydra (5)]
   710 | D        | Mangled by the 26-headed Lernaean hydra (10 damage)
   710 | D        | Slain by the 26-headed Lernaean hydra (5 damage)
   712 | D        | Slain by the 27-headed Lernaean hydra (14 damage)
   712 | D        | Mangled by the 27-headed Lernaean hydra (11 damage)
   712 | D        | Slain by the 27-headed Lernaean hydra (11 damage)
   712 | D        | Noticed a goliath frog
   713 | D        | Killed the 26-headed Lernaean hydra
   713 | D        | Arena points: 413 (+210) [x6]
   714 | D        | Reached skill level 9 in Fighting
   714 | D        | Reached skill level 5 in Unarmed Combat
   714 | D        | Reached XP level 9. HP: 76/76 MP: 15/17
   716 | D        | Got a decaying rune of Zot
   842 | D        | Bought a potion of experience for 300 gold pieces
   842 | D        | Bought a potion of experience for 300 gold pieces
   842 | D        | Reached XP level 10. HP: 83/83 MP: 17/19
   843 | D        | Reached XP level 11. HP: 89/89 MP: 17/20
   844 | D        | Gained mutation: A demonic guardian rushes to your aid.
                  | [demonic ancestry]
   844 | D        | Reached XP level 12. HP: 97/97 MP: 17/21
   910 | D        | Round 6.
   933 | D        | Slain by a phantasmal warrior (23 damage)
   997 | D        | Reached skill level 10 in Fighting
   997 | D        | Noticed an eidolon
  1010 | D        | Mangled by an eidolon (13 damage)
  1015 | D        | Slain by an eidolon (18 damage)
  1018 | D        | Killed an eidolon
  1019 | D        | Reached skill level 5 in Short Blades
  1019 | D        | Reached skill level 5 in Evocations
  1022 | D        | Noticed an eidolon
  1029 | D        | Slain by a phantasmal warrior (12 damage)
  1030 | D        | Demolished by a phantasmal warrior (24 damage)
  1034 | D        | HP: 2/98 [phantasmal warrior (7)]
  1034 | D        | Mangled by a wraith (8 damage)
  1036 | D        | Slain by an eidolon (14 damage)
  1039 | D        | Mangled by an eidolon (11 damage)
  1042 | D        | Killed an eidolon
  1047 | D        | Arena points: 791 (+378) [x7]
  1075 | D        | Round 7.
  1102 | D        | Reached skill level 11 in Fighting
  1105 | D        | Reached ** piety under Yredelemnul
  1112 | D        | Reached *** piety under Yredelemnul
  1112 | D        | Reached XP level 13. HP: 16/106 MP: 23/23
  1123 | D        | Mangled by a polar bear (14 damage)
  1126 | D        | Reached skill level 10 in Dodging
  1157 | D        | Reached **** piety under Yredelemnul
  1160 | D        | Arena points: 1351 (+560) [x8]
  1214 | D        | Bought a talisman of death for 795 gold pieces
  1217 | D        | Round 8.
  1243 | D        | Mangled by a cane toad (22 damage)
  1243 | D        | Noticed Rupert
  1245 | D        | Mangled by a cane toad (16 damage)
  1250 | D        | Paralysed by Rupert for 2 turns
  1255 | D        | Slain by Rupert
                  | ... wielding a +0 great mace of draining
                  | (15 damage)
  1256 | D        | Slain by Rupert
                  | ... wielding a +0 great mace of draining
                  | (15 damage)
  1258 | D        | Demolished by Rupert
                  | ... wielding a +0 great mace of draining
                  | (25 damage)
  1259 | D        | Paralysed by Rupert for 3 turns
  1260 | D        | Slain by Rupert
                  | ... wielding a +0 great mace of draining
                  | (15 damage)
                  | ... while paralysed by Rupert
  1262 | D        | Mangled by Rupert
                  | ... wielding a +0 great mace of draining
                  | (22 damage)
                  | ... while paralysed by Rupert
  1265 | D        | Killed Rupert
  1266 | D        | Reached skill level 10 in Invocations
  1315 | D        | Reached skill level 12 in Fighting
  1359 | D        | Slain by a cane toad (10 damage)
  1367 | D        | Arena points: 1999 (+648) [x9]
  1369 | D        | Upgraded the game from 0.31-a0-876-gfe8ebadbca to
                  | 0.31-a0-889-g1a8549509d
  1419 | D        | Round 9.
  1433 | D        | Killed from afar by an orc sorcerer (38 damage)
                  | ... with a bolt of fire
  1455 | D        | Killed by divine providence
                  | ... invoked by an orc priest
                  | (12 damage)
  1458 | D        | Slain by an orc warrior
                  | ... wielding a +0 flail
                  | (3 damage)
  1458 | D        | Killed by divine providence
                  | ... invoked by an orc priest
                  | (15 damage)
  1460 | D        | Slain by an orc warrior
                  | ... wielding a +0 flail
                  | (10 damage)
  1461 | D        | Killed by divine providence
                  | ... invoked by an orc priest
                  | (11 damage)
  1463 | D        | Reached skill level 1 in Shapeshifting
  1483 | D        | Mangled by an orc warrior
                  | ... wielding a +0 battleaxe
                  | (16 damage)
  1509 | D        | Slain by an orc warrior
                  | ... wielding a +0 glaive
                  | (10 damage)
  1514 | D        | Killed from afar by an orc sorcerer (25 damage)
                  | ... with a bolt of fire
  1515 | D        | Arena points: 2899 (+900) [x10]
  1562 | D        | Round 10.
  1568 | D        | Mangled by a dire wolf spider (18 damage)
  1569 | D        | Slain by a dire wolf spider (14 damage)
  1569 | D        | Slain by a dire wolf spider (10 damage)
  1571 | D        | Slain by a dire wolf spider (8 damage)
  1575 | D        | Slain by a tarantella (6 damage)
  1577 | D        | Slain by a redback (9 damage)
  1578 | D        | Arena points: 4099 (+1200) [x12]
  1585 | D        | Got a gossamer rune of Zot
  1779 | D        | Round 11.
  1801 | D        | Slain by a hellwing (11 damage)
  1803 | D        | Slain by a red devil
                  | ... wielding a +0 demon trident of venom
                  | (10 damage)
  1806 | D        | Mangled by a red devil
                  | ... wielding a +0 demon trident of venom
                  | (13 damage)
  1806 | D        | Mangled by a red devil
                  | ... wielding a +0 demon trident of venom
                  | (21 damage)
  1807 | D        | Mangled by a red devil
                  | ... wielding a +0 demon trident of venom
                  | (17 damage)
  1807 | D        | Noticed Frances
  1808 | D        | Mangled by a red devil
                  | ... wielding a +0 demon trident of venom
                  | (19 damage)
  1808 | D        | Mangled by a red devil
                  | ... wielding a +0 demon trident of venom
                  | (17 damage)
  1809 | D        | Slain by a red devil
                  | ... wielding a +0 demon trident of venom
                  | (7 damage)
  1810 | D        | Slain by a red devil
                  | ... wielding a +0 demon trident of venom
                  | (6 damage)
  1811 | D        | Slain by a red devil
                  | ... wielding a +0 demon trident of venom
                  | (9 damage)
  1812 | D        | Demolished by Frances
                  | ... wielding a +0 hand axe
                  | (20 damage)
  1812 | D        | Slain by Frances
                  | ... wielding a +0 hand axe
                  | (12 damage)
  1813 | D        | Mangled by a sixfirhy (11 damage)
                  | ... summoned by Frances
  1813 | D        | Mangled by a sixfirhy (10 damage)
                  | ... summoned by Frances
  1813 | D        | Mangled by Frances
                  | ... wielding a +0 hand axe
                  | (23 damage)
  1814 | D        | Slain by Frances
                  | ... wielding a +0 hand axe
                  | (13 damage)
  1814 | D        | Killed from afar by Frances (50 damage)
                  | ... with an iron shot
  1814 | D        | Slain by a sixfirhy (11 damage)
                  | ... summoned by Frances
  1815 | D        | Slain by Frances
                  | ... wielding a +0 hand axe
                  | (11 damage)
  1815 | D        | Mangled by Frances
                  | ... wielding a +0 hand axe
                  | (20 damage)
  1816 | D        | Demolished by Frances
                  | ... wielding a +0 hand axe
                  | (18 damage)
  1817 | D        | Slain by an ice devil (6 damage)
  1819 | D        | Mangled by Frances
                  | ... wielding a +0 hand axe
                  | (13 damage)
  1819 | D        | Slain by an ice devil (6 damage)
  1819 | D        | Mangled by Frances
                  | ... wielding a +0 hand axe
                  | (17 damage)
  1821 | D        | Slain by Frances
                  | ... wielding a +0 hand axe
                  | (6 damage)
  1822 | D        | Slain by a red devil
                  | ... wielding a +0 demon trident of venom
                  | (10 damage)
  1823 | D        | Slain by an ice devil (7 damage)
  1823 | D        | Mangled by a red devil
                  | ... wielding a +0 demon trident of venom
                  | (16 damage)
  1823 | D        | Slain by an ice devil (5 damage)
  1823 | D        | Mangled by a red devil
                  | ... wielding a +0 demon trident of venom
                  | (17 damage)
  1824 | D        | Slain by an ice devil (7 damage)
  1825 | D        | Slain by an ice devil (10 damage)
  1825 | D        | Slain by Frances
                  | ... wielding a +0 hand axe
                  | (6 damage)
  1825 | D        | Slain by Frances
                  | ... wielding a +0 hand axe
                  | (6 damage)
  1827 | D        | Slain by Frances
                  | ... wielding a +0 hand axe
                  | (10 damage)
  1828 | D        | Demolished by Frances
                  | ... wielding a +0 hand axe
                  | (27 damage)
  1828 | D        | Slain by a kobold demonologist
                  | ... wielding a +0 dagger
                  | (3 damage)
  1828 | D        | Mangled by an ice devil (8 damage)
  1829 | D        | Mangled by Frances
                  | ... wielding a +0 hand axe
                  | (18 damage)
  1829 | D        | Slain by an ice devil (5 damage)
  1830 | D        | Slain by a sixfirhy (11 damage)
                  | ... summoned by a kobold demonologist
  1831 | D        | Slain by a sixfirhy (3 damage)
                  | ... summoned by a kobold demonologist
  1831 | D        | Slain by a sixfirhy (12 damage)
                  | ... summoned by a kobold demonologist
  1832 | D        | Slain by Frances
                  | ... wielding a +0 hand axe
                  | (8 damage)
  1832 | D        | Slain by Frances
                  | ... wielding a +0 hand axe
                  | (13 damage)
  1832 | D        | Slain by a hellwing (10 damage)
                  | ... summoned by Frances
  1833 | D        | Slain by a sixfirhy (8 damage)
                  | ... summoned by a kobold demonologist
  1833 | D        | Slain by a sixfirhy (10 damage)
                  | ... summoned by a kobold demonologist
  1833 | D        | Mangled by a sixfirhy (9 damage)
                  | ... summoned by a kobold demonologist
  1833 | D        | Slain by a sixfirhy (9 damage)
                  | ... summoned by a kobold demonologist
  1833 | D        | Slain by a sixfirhy (11 damage)
                  | ... summoned by a kobold demonologist
  1833 | D        | Slain by a hellwing (1 damage)
                  | ... summoned by Frances
  1833 | D        | Killed from afar by Frances (38 damage)
                  | ... with an iron shot
  1834 | D        | Mangled by Frances
                  | ... wielding a +0 hand axe
                  | (18 damage)
  1834 | D        | Slain by a rust devil (10 damage)
                  | ... summoned by Frances
  1834 | D        | Slain by a hellwing (14 damage)
                  | ... summoned by Frances
  1835 | D        | Reached skill level 10 in Armour
  1835 | D        | Slain by a sixfirhy (12 damage)
                  | ... summoned by a kobold demonologist
  1835 | D        | Slain by a sixfirhy (11 damage)
                  | ... summoned by a kobold demonologist
  1835 | D        | Slain by a sixfirhy (12 damage)
                  | ... summoned by a kobold demonologist
  1835 | D        | Slain by a sixfirhy (6 damage)
                  | ... summoned by a kobold demonologist
  1835 | D        | Slain by a sixfirhy (12 damage)
                  | ... summoned by a kobold demonologist
  1835 | D        | Slain by a sixfirhy (6 damage)
                  | ... summoned by a kobold demonologist
  1835 | D        | Slain by a sixfirhy (11 damage)
                  | ... summoned by a kobold demonologist
  1835 | D        | Mangled by Frances
                  | ... wielding a +0 hand axe
                  | (8 damage)
  1835 | D        | Mangled by a hellwing (17 damage)
                  | ... summoned by Frances
  1835 | D        | Slain by a hellwing (10 damage)
                  | ... summoned by Frances
  1836 | D        | Mangled by a sixfirhy (10 damage)
                  | ... summoned by a kobold demonologist
  1836 | D        | Slain by a ynoxinul (8 damage)
  1836 | D        | Slain by an ufetubus (2 damage)
                  | ... summoned by a ynoxinul
  1836 | D        | Killed by divine providence
                  | ... invoked by a smoke demon
                  | ... summoned by Frances
                  | (11 damage)
  1837 | D        | Killed Frances
  1837 | D        | Killed from afar by a ynoxinul (25 damage)
                  | ... with an iron shot
  1838 | D        | Reached skill level 1 in Polearms
  1838 | D        | Slain by an ufetubus (2 damage)
                  | ... summoned by a ynoxinul
  1838 | D        | Slain by an iron imp (6 damage)
                  | ... summoned by a kobold demonologist
  1839 | D        | Slain by a chaos spawn (10 damage)
  1839 | D        | Mangled by a chaos spawn (13 damage)
  1839 | D        | Slain by an iron imp (4 damage)
                  | ... summoned by a kobold demonologist
  1840 | D        | Slain by a chaos spawn (10 damage)
  1840 | D        | Slain by a chaos spawn (14 damage)
  1840 | D        | Slain by a chaos spawn (3 damage)
  1842 | D        | Slain by a chaos spawn (14 damage)
  1842 | D        | Slain by a sun demon (9 damage)
                  | ... summoned by a kobold demonologist
  1842 | D        | Slain by a kobold demonologist
                  | ... wielding a +0 dagger
                  | (6 damage)
  1842 | D        | Mangled by a sun demon (10 damage)
                  | ... summoned by a kobold demonologist
  1843 | D        | Mangled by a chaos spawn (9 damage)
  1843 | D        | Mangled by an orange demon (15 damage)
  1844 | D        | Mangled by an orange demon (8 damage)
  1846 | D        | Slain by an orange demon (6 damage)
  1847 | D        | Slain by an orange demon (13 damage)
  1871 | D        | Killed by divine providence
                  | ... invoked by a smoke demon
                  | (14 damage)
  1874 | D        | Killed from afar by a smoke demon (8 damage)
                  | ... with a ball of steam
  1876 | D        | Slain by a smoke demon (5 damage)
  1877 | D        | Killed from afar by a smoke demon (10 damage)
                  | ... with a ball of steam
  1879 | D        | Arena points: 5958 (+1859) [x13]
  1880 | D        | Reached skill level 1 in Staves
  1938 | D        | Round 12.
  1969 | D        | Slain by a rust devil (4 damage)
  1973 | D        | Mangled by a rust devil (8 damage)
  1973 | D        | Annihilated by a boulder beetle (32 damage)
  1974 | D        | Demolished by a boulder beetle (24 damage)
  1974 | D        | Slain by a rust devil (11 damage)
  1975 | D        | Slain by a rust devil (8 damage)
  1976 | D        | Annihilated by a boulder beetle (27 damage)
  1976 | D        | Slain by a rust devil (5 damage)
  1976 | D        | Mangled by a boulder beetle (18 damage)
  1977 | D        | Reached skill level 13 in Fighting
  1977 | D        | Reached skill level 1 in Axes
  1978 | D        | Mangled by a rust devil (7 damage)
  1987 | D        | Mangled by a boulder beetle (21 damage)
  1991 | D        | Demolished by an earth elemental (27 damage)
  1993 | D        | Demolished by a boulder beetle (26 damage)
  1993 | D        | Mangled by a boulder beetle (18 damage)
  1994 | D        | Demolished by an earth elemental (29 damage)
  1996 | D        | Annihilated by an earth elemental (36 damage)
  1997 | D        | Slain by a rust devil (12 damage)
  1997 | D        | Mangled by an earth elemental (19 damage)
  2000 | D        | Slain by a boulder beetle (8 damage)
  2001 | D        | Mangled by a boulder beetle (20 damage)
  2001 | D        | Mangled by a boulder beetle (20 damage)
  2003 | D        | Slain by a rust devil (7 damage)
  2009 | D        | Slain by a rust devil (7 damage)
  2010 | D        | Annihilated by an earth elemental (37 damage)
  2011 | D        | Slain by an earth elemental (8 damage)
  2013 | D        | Annihilated by an earth elemental (37 damage)
  2013 | D        | Slain by a rust devil (12 damage)
  2015 | D        | Mangled by a boulder beetle (9 damage)
  2015 | D        | Slain by a rust devil (11 damage)
  2015 | D        | Annihilated by an earth elemental (36 damage)
  2015 | D        | Mangled by a boulder beetle (19 damage)
  2016 | D        | Mangled by a rust devil (12 damage)
  2017 | D        | Annihilated by an earth elemental (36 damage)
  2018 | D        | Slain by an earth elemental (3 damage)
  2023 | D        | Slain by a boulder beetle (15 damage)
  2031 | D        | Killed from afar by an iron elemental (51 damage)
                  | ... with an iron shot
  2037 | D        | Annihilated by an iron elemental (34 damage)
  2038 | D        | Annihilated by an iron elemental (33 damage)
  2040 | D        | Annihilated by an iron elemental (40 damage)
  2044 | D        | Annihilated by an iron elemental (35 damage)
  2045 | D        | Killed from afar by an iron elemental (30 damage)
                  | ... with an iron shot
  2047 | D        | Annihilated by an iron elemental (33 damage)
  2048 | D        | Killed from afar by an iron elemental (19 damage)
                  | ... with a spray of metal splinters
  2050 | D        | Mangled by an earth elemental (20 damage)
  2051 | D        | Mangled by an iron elemental (13 damage)
  2051 | D        | Demolished by an earth elemental (30 damage)
  2064 | D        | Arena points: 6078 (+120) [x1]
  2074 | D        | Round 13.
  2078 | D        | Mangled by a boulder beetle (24 damage)
  2100 | D        | Slain by a boulder beetle (3 damage)
  2118 | D        | Slain by a boulder beetle (15 damage)
  2119 | D        | Slain by a boulder beetle (13 damage)
  2131 | D        | Annihilated by a boulder beetle (32 damage)
  2136 | D        | Mangled by a boulder beetle (8 damage)
  2140 | D        | Mangled by a boulder beetle (17 damage)
  2144 | D        | Mangled by a boulder beetle (13 damage)
  2150 | D        | Demolished by a boulder beetle (24 damage)
  2150 | D        | Slain by a boulder beetle (13 damage)
  2151 | D        | Slain by a boulder beetle (14 damage)
  2151 | D        | Mangled by a boulder beetle (18 damage)
  2152 | D        | Slain by a boulder beetle (11 damage)
  2159 | D        | Annihilated by a boulder beetle (34 damage)
  2161 | D        | Mangled by a boulder beetle (18 damage)
  2162 | D        | Slain by a boulder beetle (12 damage)
  2163 | D        | Slain by a boulder beetle (12 damage)
  2165 | D        | Annihilated by a boulder beetle (38 damage)
  2170 | D        | Mangled by a boulder beetle (18 damage)
  2171 | D        | Demolished by a boulder beetle (25 damage)
  2174 | D        | Mangled by a boulder beetle (9 damage)
  2175 | D        | Slain by a boulder beetle (12 damage)
  2175 | D        | Slain by a boulder beetle (13 damage)
  2177 | D        | Mangled by a boulder beetle (20 damage)
  2178 | D        | Demolished by a boulder beetle (25 damage)
  2179 | D        | Mangled by a boulder beetle (16 damage)
  2180 | D        | Slain by a boulder beetle (13 damage)
  2181 | D        | Slain by a boulder beetle (5 damage)
  2182 | D        | Slain by a boulder beetle (8 damage)
  2183 | D        | Slain by a boulder beetle (15 damage)
  2184 | D        | Slain by a boulder beetle (4 damage)
  2185 | D        | Demolished by a boulder beetle (21 damage)
  2186 | D        | Arena points: 6143 (+65) [x1]
  2201 | D        | Round 14.
  2205 | D        | Slain by a golden dragon simulacrum (13 damage)
  2205 | D        | Mangled by a golden dragon simulacrum (20 damage)
  2207 | D        | Slain by a golden dragon simulacrum (10 damage)
  2210 | D        | Demolished by a golden dragon simulacrum (18 damage)
  2211 | D        | Slain by a golden dragon simulacrum (10 damage)
  2212 | D        | Mangled by a golden dragon simulacrum (18 damage)
  2216 | D        | Slain by a golden dragon simulacrum (9 damage)
  2216 | D        | Mangled by a golden dragon simulacrum (13 damage)
  2228 | D        | Killed from afar by a rime drake (10 damage)
                  | ... with an icy flash freeze
  2241 | D        | Killed from afar by a rime drake (22 damage)
                  | ... with an icy flash freeze
  2250 | D        | Killed from afar by a rime drake (13 damage)
                  | ... with an icy flash freeze
  2252 | D        | Killed from afar by a rime drake (7 damage)
                  | ... with an icy flash freeze
  2260 | D        | Bought a book of the Senses for 224 gold pieces
  2260 | D        | Bought a book of the Moon for 280 gold pieces
  2260 | D        | Bought a book of Power for 294 gold pieces
  2260 | D        | Bought a book of Burglary for 140 gold pieces
  2260 | D        | Bought a book of the Earth for 252 gold pieces
  2260 | D        | Bought a book of Displacement for 154 gold pieces
  2260 | D        | Bought a book of Hexes for 252 gold pieces
  2260 | D        | Bought a book of Spatial Translocations for 126 gold pieces
  2260 | D        | Bought a book of the Wilderness for 266 gold pieces
  2278 | D        | Slain by a four-headed hydra simulacrum (9 damage)
  2278 | D        | Slain by a four-headed hydra simulacrum (14 damage)
  2278 | D        | Slain by a four-headed hydra simulacrum

Illustrated notes

Levels and vault maps discovered:
D:        arena_sprint

Skill      XL: |  1  2  3  4  5  6  7  8  9 10 11 12 13 |
---------------+----------------------------------------+-----
Long Blades    | 4 5 6 7 9 |  9.4
Armour         | 1 2 3 4 5 7 8 9 11 | 11.1
Dodging        | 2 3 5 6 8 9 11 | 11.4
Conjurations   | 4 5 6 7 9 |  9.2
Fighting       | 3 4 5 6 9 11 13 | 13.3
Stealth        | 1 2 3 4 6 7 9 |  9.1
Unarmed Combat | 1 2 3 4 5 6 8 |  8.5
Necromancy     | 1 2 3 4 5 6 7 9 |  9.6
Invocations    | 2 3 4 5 6 7 8 9 11 | 11.5
Spellcasting   | 3 4 5 6 7 8 |  8.7
Short Blades   | 1 3 4 5 7 |  7.5
Evocations     | 1 3 4 5 7 |  7.6
Shapeshifting  | 3 |  3.5
Polearms       | 4 |  4.0
Staves         | 2 |  2.7
Axes           | 2 |  2.7

Action                     |  1- 3 |  4- 6 |  7- 9 | 10-12 | 13-15 || total
---------------------------+-------+-------+-------+-------+-------++-------
  Melee: Falchion          |    30 |    46 |    38 |    53 |    45 ||   212
         Kick              |     4 |    14 |    16 |    14 |   134 ||   182
         Unarmed           |     2 |       |       |       |       ||     2
         Punch             |       |     1 |     2 |     4 |     2 ||     9
         Touch             |       |     2 |     3 |     6 |    12 ||    23
         Glaive            |       |       |       |       |   206 ||   206
    Use: Potion            |       |       |     1 |     2 |       ||     3
   Stab: Distracted        |       |     1 |     3 |     1 |     9 ||    14
 Armour: Leather armour    |    38 |    72 |   253 |   112 |    37 ||   512
         Chain mail        |       |       |       |       |   409 ||   409
  Dodge: Dodged            |    40 |    66 |    84 |    83 |   231 ||   504
   Form: Death             |       |       |       |       |     1 ||     1

Table legend: (Time is in decaauts)
 A = Elapsed time spent in this place.
 B = Non-inter-level travel time spent in this place.
 C = Inter-level travel time spent in this place.
 D = Time resting spent in this place.
 E = Time spent auto-exploring this place.
 F = Levels seen in this place.
 G = Mean time per level.
                   A        B        C        D        E       F      G
               +--------+--------+--------+--------+--------+-----+--------+
         Total |   2467 |   2465 |      2 |      0 |     52 |   1 | 2467.0 |
       Dungeon |   2467 |   2465 |      2 |      0 |     52 |   1 | 2467.0 |
               +--------+--------+--------+--------+--------+-----+--------+

Top non-repeatable levels by time:
       D: 2467 daAuts
